 Dungeon Crawl Stone Soup version 0.31.0-11-ge490571c62 (webtiles) character file.

Game seed: 10221549643253927960

51 qw the Shooter (level 3, -1/18 HPs)
             Began as a Spriggan Hunter on Feb 4, 2024.
             Slain by a hobgoblin (6 damage)
             ... led by Robin
             ... on level 1 of the Dungeon.
             The game lasted 00:00:03 (800 turns).

qw the Shooter (Spriggan Hunter)                     Turns: 800, Time: 00:00:03

Health: -1/18      AC:  3    Str:  7    XL:     3   Next: 58%
Magic:  4/4        EV: 18    Int: 10    God:
Gold:   73         SH:  0    Dex: 20    Spells: 2/2 levels left

rFire   + . .        a - +0 shortbow
rCold   . . .        (shield currently unavailable)
rNeg    . . .        e - +0 troll leather armour
rPois   .            (helmet restricted)
rElec   .            (no cloak)
rCorr   .            (gloves unavailable)
SInv    +            (boots unavailable)
Will    .....        (no amulet)
Stlth   ++           f - ring of protection from fire
HPRegen 1.03/turn    (no ring)
MPRegen 0.09/turn

%: no passive effects
@: very quick
A: very small, no large weapons, unfitting armour, see invisible, speed 3
a: no special abilities


You were on level 1 of the Dungeon.
You visited 1 branch of the dungeon, and saw 2 of its levels.

You collected 73 gold pieces.


Innate Abilities, Weirdness & Mutations

You are very small and have problems with some larger weapons.
You are too small for most types of armour.
You have supernaturally acute eyesight. (SInv)
You cover ground extremely quickly. (Speed+++)


   Skills:
 - Level 1.5 Fighting
 + Level 4.8 Ranged Weapons
 - Level 4.0 Dodging
 - Level 1.5 Stealth


You had 2 spell levels left.
You didn't know any spells.
Your spell library was empty.

Inventory:

Hand Weapons
 a - a +0 shortbow (weapon)
Armour
 e - a +0 troll leather armour (worn)
Jewellery
 f - a ring of protection from fire (left hand)
Potions
 k - a potion of mutation

Dungeon Overview and Level Annotations

Branches:
Dungeon (2/15)

Altars:

Annotations:
D:2 Robin


Message History

You shoot an arrow. The arrow hits the goblin.
You kill the goblin!
You climb downwards.
Level annotation: Robin The hobgoblin misses you.
The goblin misses you. The hobgoblin misses you.
There is a stone staircase leading up, spattered with blood here.
790 ||| STAIRDANCE The hobgoblin hits you but does no damage.
The goblin hits you with a +0 dagger.
Robin roars a battlecry!
The goblins go into a battle-frenzy!
The goblin shouts!
You climb upwards.
There is a stone staircase leading down, spattered with blood here.
You shoot an arrow.
The arrow hits the goblin but does no damage.
The goblin hits you with a +0 dagger. The hobgoblin misses you.
You shoot an arrow. The arrow hits the goblin.
The goblin is heavily wounded.
The goblin hits you with a +0 dagger. The hobgoblin hits you.
You shoot an arrow. The arrow closely misses the goblin.
The goblin misses you.
The hobgoblin hits you but does no damage.
You shoot an arrow. The arrow hits the goblin.
The goblin is severely wounded.
The goblin hits you with a +0 dagger. The hobgoblin completely misses you.
The goblin barely misses you. The hobgoblin hits you.
You shoot an arrow. The arrow barely misses the goblin.
The goblin hits you with a +0 dagger. The hobgoblin misses you.
You shoot an arrow. The arrow closely misses the goblin.
The goblin completely misses you. The hobgoblin barely misses you.
You shoot an arrow. The arrow hits the goblin.
You kill the goblin!
The hobgoblin barely misses you.
You shoot an arrow. The arrow hits the hobgoblin.
The hobgoblin is moderately wounded.
The hobgoblin hits you.
You shoot an arrow. The arrow barely misses the hobgoblin.
The hobgoblin misses you. The hobgoblin hits you.
You die...

...# #..#...#..##...####
#### ##.#
#.#.#.#.#.#.......###...
#.#
###..#.#.^##.........#.##
##.##
#.####.####........#.#.##
#...# #.#
##+#.##.#...####.....
#...# #.###[......#...#
###.#. #...#
#.##.###..###...## #.#.
#...#####.###.#g))##.....#
#... ........#.#
##.#@.##.....# ###.
..........# ###.).......#
##.
........#########)##.....#
#.. #...#####
#......##.....# #.# #...#
#.################ #.#
#...# #.# #......# #.#
#...# #.# #.####.###.#
##.#########.##
#.##.....?.# #.#
#........## #.##.#.#####


You could see a hobgoblin (strong).

Vanquished Creatures
  Natasha (D:1)
  A dart slug (D:1)
  2 bats
  3 endoplasms (D:1)
  7 goblins (D:1)
  2 hobgoblins (D:1)
  3 kobolds (D:1)
  A ball python (D:1)
  2 rats (D:1)
22 creatures vanquished.

Notes
Turn   | Place    | Note
-------+----------+-------------------------------------------
     0 | D:1      | qw the Spriggan Hunter began the quest for the Orb.
     0 | D:1      | Reached XP level 1. HP: 10/10 MP: 2/2
     0 | D:1      | 0 ||| qw: Version: 0.3-a-160-g6735b56
     0 | D:1      | 0 ||| qw: Game counter: 5324
     0 | D:1      | 0 ||| qw: Melee chars always use a shield: true
     0 | D:1      | 0 ||| qw: God list: Okawaru
     0 | D:1      | 0 ||| qw: Allow faded altars: false
     0 | D:1      | 0 ||| qw: Do Orc after clearing Dungeon:15 true
     0 | D:1      | 0 ||| qw: Do second Lair branch before Depths: true
     0 | D:1      | 0 ||| qw: Lair rune preference: random
     0 | D:1      | 0 ||| qw: Goals: Normal
     0 | D:1      | 0 ||| PLANNING D:1-11
   111 | D:1      | Reached skill level 3 in Dodging
   224 | D:1      | Reached XP level 2. HP: 14/14 MP: 3/3
   589 | D:1      | 589 ||| UPGRADING to +0 troll leather armour.
   599 | D:1      | 599 ||| DROPPING +0 robe.
   600 | D:1      | 600 ||| UPGRADING to ring of protection from fire.
   601 | D:1      | 601 ||| READING 2 scrolls labelled UMNIPT IRAIBLY.
   602 | D:1      | 602 ||| READING scroll labelled DOIPROJAUB.
   606 | D:1      | 606 ||| READING 2 scrolls labelled HUIM CUBULOOJU.
   606 | D:1      | 606 ||| IDENTIFYING smoky silvery potion
   607 | D:1      | 607 ||| READING scroll of identify.
   607 | D:1      | 607 ||| IDENTIFYING scroll labelled UDUWIE ABBU
   608 | D:1      | 608 ||| READING scroll labelled ORYURCH YPSAF.
   614 | D:1      | 614 ||| DROPPING scroll of butterflies.
   615 | D:1      | 615 ||| DROPPING scroll of poison.
   616 | D:1      | 616 ||| DROPPING scroll of fear.
   643 | D:2      | Noticed Natasha
   644 | D:2      | Noticed Robin
   647 | D:2      | 647 ||| STAIRDANCE
   661 | D:1      | Killed Natasha
   662 | D:1      | Reached XP level 3. HP: 14/18 MP: 4/4
   767 | D:2      | 767 ||| STAIRDANCE
   781 | D:2      | 781 ||| STAIRDANCE
   790 | D:2      | 790 ||| STAIRDANCE
   799 | D:1      | HP: 4/18 [hobgoblin[Robin] (5)]
   800 | D:1      | Slain by a hobgoblin

Levels and vault maps discovered:
D:1:      nzn_arrival_crosshair, layout_loops_cross
D:2:      layout_loops_ring, basic_altar, feat_on_display, uniq_natasha,
          uniq_robin, uniq_terence, uniq_crazy_yiuf_cottage

Skill      XL: |  1  2 |
---------------+-------+-----
Dodging        | 3 4 |  4.0
Fighting       | |  1.5
Ranged Weapons | |  4.8
Stealth        | |  1.5

Action                     || total
---------------------------++-------
   Fire: Shortbow          ||    64
    Use: Scroll            ||     5
 Armour: Troll leather arm ||    28
  Dodge: Dodged            ||    50

Table legend:
 A = Non-vault XP
 B = Vault XP
 C = Vault XP percentage of total XP
 D = Non-vault monster count
 E = Vault monster count
 F = Vault count percentage of total count
                 A         B        C        D         E       F
            +---------+---------+-------+---------+---------+-------
      Total |      28 |      46 |  62.2 |      15 |       7 |  31.8
            +---------+---------+-------+---------+---------+-------
        D:1 |      26 |      46 |  63.9 |      14 |       7 |  33.3
        D:2 |       2 |       0 |   0.0 |       1 |       0 |   0.0
            +---------+---------+-------+---------+---------+-------
